 Dungeon Sprint DCSS version 0.31-a0-700-gf13585253f (webtiles) character file.

Game seed: 12327512946365180549

1230 sircluck the Grappler (level 8, -5/138 HPs)
             Began as a Troll Berserker on Sept 7, 2023.
             Was an Elder of Trog.
             Slain by Sonja
             ... wielding a +0 dagger of distortion
              (7 damage)
             ... in the Dungeon (Sprint I: "Red Sonja").
             The game lasted 00:01:18 (306 turns).

sircluck the Grappler (Troll Berserker)              Turns: 306, Time: 00:01:19

Health: -5/138     AC:  4    Str: 28    XL:     8   Next: 24%
Magic:  7/7        EV: 12    Int:  3    God:    Trog [****..]
Gold:   436        SH:  0    Dex:  9    Spells: 7/7 levels left

rFire   . .          .
                       - Unarmed
rCold   . . .        (no shield)
rNeg    . . .        a - +0 animal skin
rPois   .            (helmet restricted)
rElec   .            (no cloak)
rCorr   .            (gloves unavailable)
SInv    .            (boots unavailable)
Will    .....        (no amulet) Stlth
                     (no ring)
HPRegen 1.23/turn    (no ring)
MPRegen 0.10/turn

%: no teleportation
@: berserking (expiring), lethally poisoned (-5 -> -5), slowed
A: large, unfitting armour, claws 3, regeneration 1, shaggy fur 1, tough skin 1
a: Renounce Religion, Berserk, Trog's Hand, Brothers in Arms


You were in the Dungeon.
You worshipped Trog.
Trog was greatly pleased with you.
You visited 1 branch You collected 436 gold pieces.

Inventory:

Armour
 a - a +0 animal skin (worn)
Wands
 h - a wand of roots (5)
Scrolls
 g - a scroll of blinking
Potions
 b - a potion of curing
 c - a potion of heal wounds
 d - a potion of haste
 e - 2 potions of magic
 f - 2 potions of berserk rage


   Skills:
 + Level 9.4 Fighting
 + Level 9.3 Dodging
 + Level 11.0 Unarmed Combat


You had 7 spell levels left.
You didn't know any spells.
Your spell library was empty.

Dungeon Overview and Level Annotations

Branches:
Dungeon (1/1)

Altars:
Cheibriados
Dithmenos
Elyvilon
Fedhas
Gozag
Hepliaklqana
Kikubaaqudgha
Makhleb
Nemelex Xobeh
Okawaru
Qazlal
Ru
Sif Muna
Trog
Uskayaw
Vehumet
Wu Jian
Xom
Yredelemnul
Zin
The Shining One
Jiyva
Lugonu

Shops:
D *

Annotations:
D Sonja


Innate Abilities, Weirdness & Mutations

You are too large for most types of armour.
You have claws for hands.
Your natural rate of healing is unusually fast.
You are covered in fur. (AC +1)
You have tough skin. (AC +1)


Message History

Sonja hits you with a +0 dagger of distortion.
You closely miss Sonja.
You feel sick.
Sonja hits you with a +0 dagger of distortion!
Space warps around you. Sonja closely misses you. Sonja barely misses you.
Sonja hits you with a +0 dagger of distortion. x2
* * * LOW HITPOINT WARNING * * *
Sonja barely misses you.
You closely miss Sonja.
You feel sick. Sonja barely misses you.
Sonja hits you with a +0 dagger of distortion.
* * * LOW HITPOINT WARNING * * *
Space warps around you.
* * * LOW HITPOINT WARNING * * *
Sonja hits you but does no damage.
You barely miss Sonja.
You feel sick.
Sonja hits you with a +0 dagger of distortion.
* * * LOW HITPOINT WARNING * * *
Space warps horribly around you.
* * * LOW HITPOINT WARNING * * *
Sonja barely misses you.
Sonja hits you with a +0 dagger of distortion.
* * * LOW HITPOINT WARNING * * *
Space warps around you.
* * * LOW HITPOINT WARNING * * *
You miss Sonja. Sonja hits you but does no damage. Space warps around you.
* * * LOW HITPOINT WARNING * * *
Sonja hits you with a +0 dagger of distortion.
* * * LOW HITPOINT WARNING * * *
Space warps horribly around you.
* * * LOW HITPOINT WARNING * * *
Sonja closely misses you.
You mangle Sonja!!
Sonja is severely wounded.
You feel sick. Sonja closely misses you. Sonja barely misses you.
Sonja hits you with a +0 dagger of distortion.
* * * LOW HITPOINT WARNING * * *
You completely miss Sonja.
Sonja is severely wounded.
You feel sick.
Sonja hits you with a +0 dagger of distortion!
You die...

#<.#..').#..'..#__#..))..#
#..').#..)..#..'..'..#...#
#..#####'#####'#__####...+
#..####..#...#.#### #####
#..#__####..##.#
#..#_____##'#_.+
#⌠⌠#_.∩...†..._#
####_..__##_.#'#
#_____###@#.# #######
#K### $.$ #$.$# ##.## #+#


You could see Sonja.

Vanquished Creatures
  2 kobold demonologists (D)
  A slime creature (D)
  Sigmund (D)
  A yak (D)
  A floating eye (D)
  An ogre (D)
  A jelly (D)
  Ijyb (D)
9 creatures vanquished.

Notes
Turn   | Place    | Note
-------+----------+-------------------------------------------
     0 | D        | sircluck the Troll Berserker began the quest for the Orb.
     0 | D        | Reached XP level 1. HP: 22/22 MP: 0/0
     1 | D        | Noticed Ijyb
     7 | D        | Killed Ijyb
     8 | D        | Reached skill level 4 in Unarmed Combat
     8 | D        | Reached XP level 2. HP: 24/32 MP: 1/1
    12 | D        | Noticed an ogre
    16 | D        | Killed an ogre
    17 | D        | Reached skill level 5 in Fighting
    17 | D        | Reached skill level 5 in Dodging
    17 | D        | Reached skill level 6 in Unarmed Combat
    17 | D        | Reached XP level 3. HP: 42/42 MP: 2/2
    17 | D        | Reached XP level 4. HP: 50/50 MP: 3/3
    20 | D        | Noticed Sigmund
    34 | D        | Killed Sigmund
    34 | D        | Reached ** piety under Trog
    35 | D        | Reached skill level 7 in Unarmed Combat
    35 | D        | Reached XP level 5. HP: 38/61 MP: 4/4
    70 | D        | Found an ornate altar of the Wu Jian Council.
    70 | D        | Found a shimmering blue altar of Sif Muna.
    72 | D        | Found a radiant altar of Vehumet.
    77 | D        | Reached XP level 6. HP: 60/68 MP: 5/5
   109 | D        | Found Nixtistrezi's General Store.
   109 | D        | Found an ancient bone altar of Kikubaaqudgha.
   109 | D        | Found a hazy altar of Hepliaklqana.
   109 | D        | Found a hide-covered altar of Uskayaw.
   109 | D        | Found a basalt altar of Yredelemnul.
   109 | D        | Found an opulent altar of Gozag.
   109 | D        | Found a snail-covered altar of Cheibriados.
   109 | D        | Found a sacrificial altar of Ru.
   109 | D        | Found a shadowy altar of Dithmenos.
   109 | D        | Noticed a yak
   114 | D        | Killed a yak
   115 | D        | Reached skill level 8 in Unarmed Combat
   125 | D        | Found a stormy altar of Qazlal.
   125 | D        | Found a blossoming altar of Fedhas.
   125 | D        | Found a bloodstained altar of Trog.
   125 | D        | Found an iron altar of Okawaru.
   125 | D        | Found a glowing golden altar of the Shining One.
   125 | D        | Found a glowing silver altar of Zin.
   125 | D        | Found a white marble altar of Elyvilon.
   126 | D        | Found a sparkling altar of Nemelex Xobeh.
   141 | D        | Found a burning altar of Makhleb.
   141 | D        | Found a viscous altar of Jiyva.
   141 | D        | Found a shimmering altar of Xom.
   141 | D        | Found a corrupted altar of Lugonu.
   141 | D        | Noticed a slime creature
   147 | D        | Killed a slime creature
   147 | D        | Reached *** piety under Trog
   148 | D        | Reached skill level 9 in Unarmed Combat
   148 | D        | Reached XP level 7. HP: 50/80 MP: 6/6
   162 | D        | Noticed a kobold demonologist
   162 | D        | Noticed a kobold demonologist
   169 | D        | Killed a kobold demonologist
   170 | D        | Reached skill level 10 in Unarmed Combat
   180 | D        | Killed a kobold demonologist
   180 | D        | Reached **** piety under Trog
   181 | D        | Reached skill level 11 in Unarmed Combat
   181 | D        | Reached XP level 8. HP: 89/92 MP: 7/7
   296 | D        | Noticed Sonja
   304 | D        | HP: 3/138 [Sonja/+0 dagger of distortion (5)]
   306 | D        | Slain by Sonja

Illustrated notes

Levels and vault maps discovered:
D:        dungeon_sprint_1 [red_sonja_temple_1, red_sonja_temple_small_1]

Skill      XL: |  1  2  3  4  5  6  7 |
---------------+----------------------+-----
Fighting       | 3 5 6 8 9 |  9.4
Dodging        | 3 5 6 8 9 |  9.3
Unarmed Combat | 4 6 7 9 11 | 11.0

Action                     |  1- 3 |  4- 6 |  7- 9 || total
---------------------------+-------+-------+-------++-------
  Melee: Unarmed           |     7 |    17 |    23 ||    47
         Punch             |       |     1 |     1 ||     2
 Invoke: Berserk           |       |       |     1 ||     1
  Evoke: Wand              |     1 |     1 |       ||     2
 Armour: Animal skin       |     2 |    14 |    18 ||    34
  Dodge: Dodged            |     3 |     3 |    18 ||    24

Table legend: (Time is in decaauts)
 A = Elapsed time spent in this place.
 B = Non-inter-level travel time spent in this place.
 C = Inter-level travel time spent in this place.
 D = Time resting spent in this place.
 E = Time spent auto-exploring this place.
 F = Levels seen in this place.
 G = Mean time per level.
                   A        B        C        D        E       F      G
               +--------+--------+--------+--------+--------+-----+--------+
         Total |    299 |    277 |     22 |    101 |     53 |   1 |  299.0 |
       Dungeon |    299 |    277 |     22 |    101 |     53 |   1 |  299.0 |
               +--------+--------+--------+--------+--------+-----+--------+

Top non-repeatable levels by time:
       D: 299 daAuts
